Cogmind - Beta 10.2 @@@ ROGUE MODE // 2021.10.28 @ 18:11:30 Player: Kom Result: Destroyed by S-27 Virus with Autogun Performance ------------- Evolutions (3) 1500 Regions Visited (6) 1200 Robots Destroyed (12) 60 Value Destroyed (257) 257 Prototype IDs (1) 20 Alien Tech Used (0) 0 Bonus (0) 0 TOTAL SCORE: 3037 Bonus ------- None Cogmind --------- Core Integrity 0/700 Matter 253/300 Energy 100/100 System Corruption 0% Temperature Cool (0) Movement Core (150) Ox2 Location -7/Factory Parts ------- > --- POWER (3) -------- (None) > --- PROPULSION (5) --- (None) > --- UTILITY (3) ------ Medium Storage Unit > --- WEAPON (2) ------- (None) > --- INVENTORY (8) ---- Light Ion Engine Medium Storage Unit Long-range Terrain Scanner Seismic Analyzer Improved ECM Suite System Backup Module Peak State ------------ > --- POWER ------------ Improved Deuterium Engine > --- PROPULSION ------- Hover Unit Airjet VTOL Module > --- UTILITY ---------- Medium Storage Unit Weight Redist. System Advanced Sensor Array > --- WEAPON ----------- Advanced Assault Cannon > --- INVENTORY -------- Medium Storage Unit Long-range Terrain Scanner Seismic Analyzer Improved ECM Suite EM Pulse Gun Heavy EM Pulse Gun [Rating: 21] Favorites ----------- Power Light Ion Engine Engine Light Ion Engine Propulsion Wheel Wheel Wheel Hover Unit Hover Unit Flight Unit Flight Unit Utility Medium Storage Unit Device Weight Redist. System Storage Medium Storage Unit Weapon EM Pulse Gun Energy Gun EM Pulse Gun Ballistic Cannon Advanced Assault Cannon Special Weapon Mining Laser Build | -11 -10 -10 -9 -9 -8 -7 ------- Run | Scr Mat Min Mat Sto Mat Fac Slots Evolved 6 | . . . 2 . 2 2 Power 2 | . . . . . 1 1 Propulsion 3 | . . . 1 . 1 1 Utility 1 | . . . 1 . . . Weapon . | . . . . . . . Parts Attached 32 | 6 3 2 1 8 1 11 Power 3 | 1 . . . . 1 1 Engine 3 | 1 . . . . 1 1 Core . | . . . . . . . Reactor . | . . . . . . . Propulsion 10 | 2 1 . . 4 . 3 Treads . | . . . . . . . Leg . | . . . . . . . Wheel 3 | 2 1 . . . . . Hover 3 | . . . . 1 . 2 Flight 4 | . . . . 3 . 1 Utility 9 | 1 1 1 1 2 . 3 Device 7 | . . 1 1 2 . 3 Storage 2 | 1 1 . . . . . Processor . | . . . . . . . Hackware . | . . . . . . . Protection . | . . . . . . . Artifact . | . . . . . . . Weapon 10 | 2 1 1 . 2 . 4 Energy Gun 7 | 2 1 . . 2 . 2 Energy Cannon . | . . . . . . . Ballistic Gun . | . . . . . . . Ballistic Cannon 1 | . . . . . . 1 Launcher . | . . . . . . . Special Weapon 2 | . . 1 . . . 1 Impact Weapon . | . . . . . . . Slashing Weapon . | . . . . . . . Piercing Weapon . | . . . . . . . Special Melee Weapon . | . . . . . . . Unidentified Prototypes 1 | . . 1 . . . . Parts Lost 20 | . . . . 3 6 11 Power 3 | . . . . . 2 1 Propulsion 7 | . . . . 1 2 4 Utility 3 | . . . . . 1 2 Weapon 7 | . . . . 2 1 4 Highest Loss Streak 9 | . . . . 3 6 9 Average Slot Usage (%) 66 | . 85 94 88 80 66 36 Engine 9 | . 14 14 11 11 12 3 Wheel 10 | . 28 28 22 5 . . Hover 3 | . . . . 1 . 8 Flight 7 | . . . . 18 22 5 Device 11 | . . 9 22 19 16 9 Storage 10 | . 14 14 11 11 9 7 Energy Gun 9 | . 28 16 11 11 6 . Special Weapon 3 | . . 11 11 2 . . Naked Turns . | . . . . . . . Heaviest Build 26 | 11 15 15 17 18 19 26 Greatest Support 26 | 26 26 20 20 20 19 21 Greatest Overweight (x) 3 | . . . . 2 1 3 Average Overweight (x) . | . . . . . . . Largest Inventory Capacity 10 | 6 10 8 8 8 8 8 Average Capacity 7 | 5 6 8 8 8 8 8 Most Carried 8 | 3 7 8 7 8 8 8 Average Carried 6 | . 4 7 7 7 8 6 Final Capacity 8 | 6 8 8 8 8 8 8 Final Carried 8 | 2 6 8 7 8 8 6 Class Distribution -------------------- 100% | Mutant Dominant Class ---------------- Mutant | -10/Materials Mutant | -10/Mines Mutant | -9/Materials Mutant | -9/Storage Mutant | -8/Materials Mutant | -7/Factory Resources | -11 -10 -10 -9 -9 -8 -7 ----------- Run | Scr Mat Min Mat Sto Mat Fac Matter Collected 483 | 260 10 40 . 65 10 98 Remotely . | . . . . . . . Salvage Created 333 | 110 30 . . 79 40 74 Parts 25 | 3 4 . . 6 3 9 Haulers Intercepted . | . . . . . . . Recyclers Shooed 1 | 1 . . . . . . Parts Field Recycled . | . . . . . . . Retrieved Matter . | . . . . . . . Parts Self-Destructed . | . . . . . . . Prevented . | . . . . . . . Kills | -11 -10 -10 -9 -9 -8 -7 ------- Run | Scr Mat Min Mat Sto Mat Fac Combat Hostiles Destroyed 7 | . . . . 4 . 3 Guns 4 | . . . . 4 . . Cannons 3 | . . . . . . 3 Classes Destroyed 6 | 2 1 . . 2 . 1 Tunneler 1 | 1 . . . . . . Recycler 1 | 1 . . . . . . Watcher 3 | . 1 . . . 1 1 Swarmer 5 | . . . . 3 . 2 Grunt 1 | . . . . 1 . . Programmer 1 | . . . . . . 1 Best Kill Streak 3 | 1 1 . . 3 1 2 Combat Bots Only 3 | . . . . 3 . 2 Max Kills in Single Turn 2 | 1 1 . . 2 1 1 Gunslinging 1 | . . . . 1 . . Exploded . | . . . . . . . Melee . | . . . . . . . Uniques/NPCs Destroyed . | . . . . . . . Combat | -11 -10 -10 -9 -9 -8 -7 -------- Run | Scr Mat Min Mat Sto Mat Fac Damage Taken 2196 | . 32 82 . 249 363 1470 Core 913 | . . 26 . 70 109 708 Absorbed by Shields . | . . . . . . . Core Remaining (%) 87 | 100 . 89 . 82 80 . Volleys Fired 50 | 8 1 6 . 12 2 21 Largest 2 | 2 2 1 . 2 1 2 Hottest 100 | 80 80 100 . 100 40 85 Shots Fired 64 | 16 2 6 . 15 2 23 Gun 37 | 16 2 . . 12 2 5 Cannon 15 | . . . . . . 15 Launcher . | . . . . . . . Special 12 | . . 6 . 3 . 3 Kinetic 15 | . . . . . . 15 Thermal 12 | . . 6 . 3 . 3 Explosive . | . . . . . . . Electromagnetic 37 | 16 2 . . 12 2 5 Robot Hit Streak 14 | 5 . . . 9 11 14 Robot Miss Streak 5 | 3 1 2 . 5 . 3 Penetration Max . | . . . . . . . Secondary Targets 1 | . . . . 1 . . Max Gunslinging Chain 1 | . . . . 1 . . Shots Hit Robots 32 | 9 . . . 9 2 12 Core Hits 15 | 2 1 . . 5 2 5 Critical Hits 1 | . . . . . . 1 Critical Kills . | . . . . . . . Critical Parts Destroyed 1 | . . . . . . 1 Melee Attacks . | . . . . . . . Impact . | . . . . . . . Slashing . | . . . . . . . Piercing . | . . . . . . . Sneak Attacks . | . . . . . . . Combat Hostiles . | . . . . . . . Follow-up Attacks . | . . . . . . . Damage Inflicted 708 | 117 20 . . 129 42 400 Guns 331 | 117 20 . . 105 42 47 Cannons 341 | . . . . . . 341 Explosions . | . . . . . . . Melee . | . . . . . . . Ramming . | . . . . . . . Kinetic 341 | . . . . . . 341 Thermal 36 | . . . . 24 . 12 Explosive . | . . . . . . . Electromagnetic 331 | 117 20 . . 105 42 47 Impact . | . . . . . . . Slashing . | . . . . . . . Piercing . | . . . . . . . Highest Corruption . | . . . . . . . Average Corruption . | . . . . . . . Corruption Purged . | . . . . . . . Overload Shots . | . . . . . . . Overflow Damage 22 | . . . . . . 22 Projectiles 22 | . . . . . . 22 Explosions . | . . . . . . . Melee . | . . . . . . . Knockbacks 5 | . . . . . . 5 Impact . | . . . . . . . Kinetic 4 | . . . . . . 4 Secondary 1 | . . . . . . 1 Self-Inflicted Damage . | . . . . . . . Shots . | . . . . . . . Rammed . | . . . . . . . Targets Rammed . | . . . . . . . Kicked . | . . . . . . . Crushed . | . . . . . . . Highest Temperature 100 | 72 18 100 . 27 10 32 Average Temperature 25 | 31 12 46 . 10 4 16 Received Heat Transfer 348 | . . 30 . 12 180 126 Siege Activations . | . . . . . . . Robots Corrupted . | . . . . . . . Combat Hostiles . | . . . . . . . Parts Fried 2 | 2 . . . . . . Impact Corruptions . | . . . . . . . Robots Melted . | . . . . . . . Combat Hostiles . | . . . . . . . Parts Melted 1 | . . . . 1 . . Heat Transferred 87 | . . . . 50 . 37 Parts Sabotaged . | . . . . . . . Parts Stolen . | . . . . . . . Parts Stripped . | . . . . . . . Power Chain Reactions . | . . . . . . . Missiles Intercepted . | . . . . . . . Alert | -11 -10 -10 -9 -9 -8 -7 ------- Run | Scr Mat Min Mat Sto Mat Fac Peak Influence 137 | 10 13 4 1 137 124 116 Initial 57 | . 6 4 1 . 57 49 Average 46 | 3 11 4 1 92 92 51 Maximum Alert Level . | . . . . . . . Low Security (%) 100 | 100 100 100 100 100 100 100 Level 1 . | . . . . . . . Level 2 . | . . . . . . . Level 3 . | . . . . . . . Level 4 . | . . . . . . . Level 5 . | . . . . . . . High Security . | . . . . . . . Max Security . | . . . . . . . Squads Dispatched 7 | . . . . 1 3 3 Investigation 1 | . . . . 1 . . Extermination 2 | . . . . . . 2 Reinforcement 4 | . . . . . 3 1 Assault . | . . . . . . . Garrison . | . . . . . . . Intercept . | . . . . . . . Construction Impeded 1 | . . . . . . 1 Haulers Reinforced . | . . . . . . . Stealth | -11 -10 -10 -9 -9 -8 -7 --------- Run | Scr Mat Min Mat Sto Mat Fac Distress Signals 3 | . . . . 1 1 1 Communications Jammed . | . . . . . . . Distress Signals . | . . . . . . . Times Spotted 47 | . 1 2 . 9 19 16 Peak Tracking Total 12 | . 1 2 . 4 12 8 Tactical Retreats 8 | . . . . 2 2 4 Traps | -11 -10 -10 -9 -9 -8 -7 ------- Run | Scr Mat Min Mat Sto Mat Fac Traps Triggered 3 | . 1 . . 1 1 . Indirectly . | . . . . . . . Trap Hack Attempts . | . . . . . . . Triggered . | . . . . . . . Disarmed . | . . . . . . . Reprogrammed . | . . . . . . . Reused . | . . . . . . . Traps Extracted . | . . . . . . . Installed . | . . . . . . . Triggered . | . . . . . . . Machines | -11 -10 -10 -9 -9 -8 -7 ---------- Run | Scr Mat Min Mat Sto Mat Fac Machines Disabled . | . . . . . . . Max in Single Turn . | . . . . . . . Machines Sabotaged . | . . . . . . . Garrisons Compromised . | . . . . . . . Overloaded Fab Kills . | . . . . . . . Fab Network Shutdowns . | . . . . . . . Hacking | -11 -10 -10 -9 -9 -8 -7 --------- Run | Scr Mat Min Mat Sto Mat Fac Machines Accessed 5 | . . 1 . 1 . 3 Terminals 3 | . . . . . . 3 Fabricators . | . . . . . . . Repair Stations 1 | . . . . 1 . . Recycling Units . | . . . . . . . Scanalyzers . | . . . . . . . Garrison Access . | . . . . . . . Total Hacks 12 | . . 1 . 3 . 8 Successful 6 | . . 1 . 2 . 3 Failed 6 | . . . . 1 . 5 Catastrophic 1 | . . . . . . 1 Database Lockouts . | . . . . . . . Manual . | . . . . . . . Terminals 8 | . . . . . . 8 Fabricators . | . . . . . . . Repair Stations 3 | . . . . 3 . . Recycling Units . | . . . . . . . Scanalyzers . | . . . . . . . Garrison Access . | . . . . . . . Terminal Hacks 4 | . . 1 . . . 3 Record 2 | . . . . . . 2 Open Door 1 | . . 1 . . . . Emergency Access Points 1 | . . . . . . 1 Fabricator Hacks . | . . . . . . . Repair Station Hacks 2 | . . . . 2 . . Scan Component 1 | . . . . 1 . . Repair 1 | . . . . 1 . . Recycling Unit Hacks . | . . . . . . . Scanalyzer . | . . . . . . . Garrison Access Hacks . | . . . . . . . Unauthorized Hacks . | . . . . . . . Terminals . | . . . . . . . Fabricators . | . . . . . . . Repair Stations . | . . . . . . . Recycling Units . | . . . . . . . Scanalyzers . | . . . . . . . Garrison Access . | . . . . . . . Data Cores Recovered . | . . . . . . . Used . | . . . . . . . Hacking Detections 3 | . . . . 1 . 2 Full Trace Events 1 | . . . . 1 . . Feedback Events . | . . . . . . . Feedback Blocked . | . . . . . . . Robot Schematics Acquired . | . . . . . . . Robots Built . | . . . . . . . Matter . | . . . . . . . Time . | . . . . . . . Total Robot Build Rating . | . . . . . . . Part Schematics Acquired . | . . . . . . . Parts Built . | . . . . . . . Matter . | . . . . . . . Time . | . . . . . . . Total Part Build Rating . | . . . . . . . Parts Repaired 1 | . . . . 1 . . Time 80 | . . . . 80 . . Parts Recycled . | . . . . . . . Recycled Matter . | . . . . . . . Retrieved Matter . | . . . . . . . Retrieved Components . | . . . . . . . Parts Scanalyzed . | . . . . . . . Part Schematics Acquired . | . . . . . . . Parts Damaged . | . . . . . . . Bothacking | -11 -10 -10 -9 -9 -8 -7 ------------ Run | Scr Mat Min Mat Sto Mat Fac Used RIF Installer . | . . . . . . . Robots Hacked . | . . . . . . . Non-combat . | . . . . . . . Combat . | . . . . . . . Robot Hacks Applied . | . . . . . . . Relay Couplers Released . | . . . . . . . Robots Rewired . | . . . . . . . Allies Hacked . | . . . . . . . Hacks Repelled . | . . . . . . . Allies | -11 -10 -10 -9 -9 -8 -7 -------- Run | Scr Mat Min Mat Sto Mat Fac Total Allies 1 | . . 1 . . . . Largest Group 1 | . . 1 . . . . Highest-Rated Group 31 | . . 31 . . . . Highest-Rated Ally 31 | . . 31 . . . . Total Orders . | . . . . . . . Ally Attacks . | . . . . . . . Total Damage . | . . . . . . . Kills . | . . . . . . . Allies Corrupted . | . . . . . . . Allies Melted . | . . . . . . . Intel | -11 -10 -10 -9 -9 -8 -7 ------- Run | Scr Mat Min Mat Sto Mat Fac Robot Analysis Total . | . . . . . . . Derelict Logs Recovered 2 | . . 2 . . . . Drone Launches . | . . . . . . . Drone Recoveries . | . . . . . . . Exploration | -11 -10 -10 -9 -9 -8 -7 ------------- Run | Scr Mat Min Mat Sto Mat Fac Turns Passed 1664 | 84 139 339 29 355 113 605 Spaces Moved 1501 | 55 123 353 31 244 177 518 Core 144 | 7 . . . . . 137 Treads . | . . . . . . . Legs . | . . . . . . . Wheels 626 | 48 123 353 31 71 . . Hover 339 | . . . . . . 339 Flight 392 | . . . . 173 177 42 Fastest Speed 34 | 50 80 80 80 37 34 40 Average Speed 72 | 84 82 80 80 52 40 83 Slowest Speed 200 | 90 90 80 80 197 120 200 Overloaded Moves . | . . . . . . . Propulsion Burnouts . | . . . . . . . Robots Hopped . | . . . . . . . Cave-ins Triggered . | . . . . . . . Exploration Rate (%) 29 | 4 26 85 5 37 31 17 Regions Visited 6 Branch Regions 2 Pre-discovered Areas . | . . . . . . . Known Exits Taken 1 | . . . 1 . . . Unknown Exits Taken 5 | 1 1 1 . 1 1 . Scrap Searched 3 | . . 3 . . . . Spaces Dug 5 | . . 5 . . . . Terrain Destroyed 9 | . . 6 . 1 . 2 Melee . | . . . . . . . Projectile 9 | . . 6 . 1 . 2 AOE . | . . . . . . . Terrain Rammed . | . . . . . . . Walls Destroyed . | . . . . . . . Machines Disabled . | . . . . . . . Actions | -11 -10 -10 -9 -9 -8 -7 --------- Run | Scr Mat Min Mat Sto Mat Fac Total 1992 | 76 158 391 34 452 216 665 Wait 359 | . 23 26 3 170 37 100 Move 1495 | 54 122 352 30 243 176 518 Hop . | . . . . . . . Pick Up 36 | 8 6 4 . 7 . 11 Fast Attach 2 | . 1 . . . 1 . Attach 29 | 6 2 1 1 8 . 11 Detach 2 | . . . . 2 . . Swap 1 | . . 1 . . . . Drop 10 | . 3 1 . 2 . 4 Fire 50 | 8 1 6 . 12 2 21 Melee . | . . . . . . . Ram . | . . . . . . . Kick . | . . . . . . . Crush . | . . . . . . . Escape Stasis 8 | . . . . 8 . . Rewire . | . . . . . . . Trap . | . . . . . . . Miscellaneous . | . . . . . . . Route ------- -11/Scrapyard -10/Materials -10/Mines (discovered 2 exits: [*Mat x2]) -9/Materials -9/Storage -8/Materials -7/Factory History --------- Turn | Location | Event 18 | -11/Scrapyard | Discovered new exit (range 14) 85 | -11/Scrapyard | Entered Materials 155 | -10/Materials | Discovered new exit (range 11) 224 | -10/Materials | Entered Mines 260 | -10/Mines | Discovered new exit (range 12) 283 | -10/Mines | Received a Mining Laser from a helpful Derelict 312 | -10/Mines | Build established: Mutant 338 | -10/Mines | Found a damaged Exp. Sensor Array with a note attached 340 | -10/Mines | Found Prototype Device 341 | -10/Mines | Identified Exp. Sensor Array 371 | -10/Mines | Found a hidden stash of uninstalled traps 422 | -10/Mines | Met a Derelict who couldn't figure out how to use a Trap Extractor 542 | -10/Mines | Learned Materials machine intel 554 | -10/Mines | Discovered new exit (range 9) 563 | -10/Mines | Entered Materials 563 | -9/Materials | Evolved 2 slots: Propulsion x1, Utility x1 564 | -9/Materials | Identified exit to Storage 565 | -9/Materials | Loaded intel: 49 machine locations 592 | -9/Materials | Entered Storage 707 | -9/Storage | Lost 3 parts (1n2w) 814 | -9/Storage | Repaired Exp. Sensor Array 942 | -9/Storage | Discovered new exit (range 16) 947 | -9/Storage | Entered Materials 947 | -8/Materials | Evolved 2 slots: Power x1, Propulsion x1 1054 | -8/Materials | Discovered new exit (range 16) 1060 | -8/Materials | Entered Factory 1060 | -7/Factory | Evolved 2 slots: Power x1, Propulsion x1 1078 | -7/Factory | Lost 6 parts (2p2n1u1w) 1491 | -7/Factory | Core integrity fell below 50% 1517 | -7/Factory | Lost 9 parts (1p3n2u3w) 1581 | -7/Factory | Core integrity fell below 20% 1665 | -7/Factory | Destroyed by S-27 Virus with Autogun Last Messages --------------- 01481_ R-06 Scavenger collects Lgt. Nuclear Core. 01481_ K-01 Serf collects debris. 01481_ Door malfunctions. 01482_ Imp. Deuterium Engine destroyed. 01484_ R-06 Scavenger collects VTOL Module. 01484_ K-01 Serf collects debris. 01485_ Acquired VTOL Module. 01485_ U-05 Engineer repairs door. 01486_ Hvy. EM Pulse Gun destroyed. 01488_ K-01 Serf collects debris. 01489_ Acquired Lgt. Ion Engine. 01491_ K-01 Serf collects debris. 01530_ S-27 Virus destroyed. 01560_ ALERT: Rogue bot located, Programmers report to Factory Zone 6J. 01572_ Acquired System Backup Module. 01576_ Acquired Plasma Cutter. 01599_ Plasma Cutter destroyed. 01608_ VTOL Module destroyed. 01610_ S-27 Virus IFF system glitched. 01637_ Connecting with Scanalyzer... Map ----- +----------------------------------------------------+ | ?????????????????????????????????????????????????? | | ?????????????????????????????????????????????????? | | ?????????????????????????????????????????????????? | | ?????????????????????????????????????????????????? | | ?????????????????????????????????????????????????? | | ?????????????????????????????????????????????????? | | ?????????????????????????????????????????????????? | | ?????????????????????????????????????????????????? | | ?????????????????????????????????????????????????? | | ?????????????????????????????????????????????????? | | ?????????????????????????????????????????????????? | | ?????????????????????????????????????????????????? | | ?????????????????????????????????????????????????? | | ?????????????????????????????????????????????????? | | ?????????????????????????????????????????????????? | | ?????????????????????????####????????????????????? | | ????????????????????????? ????????????????????? | | ????????????????????????# ????????????????????? | | ????????????####+##?????# "?F???????????????? | | ????????????? ?????# """ "" ???????????????? | | ??????????????? ????# """ ???????????????? | | ???????????????? ????# """ ????????????????? | | ????????????????? ###?# ????????????????? | | ?????????????????? #?# """ ""??? ????????????? | | ??????????????????? #?# """ ""? ????????????? | | ????????????????????# ###@ """ """ ????????????? | | ????????????????????# s #???????????? | | ???????????????"????# s# k #???????????? | | ??????????????""" ??# #######+################## | | ????????? """ """ ?# | | ????????? # | | ????????????? """ / | | ????????????? """ # | | ????????????? """ # | | ????????????? ?##### ####+######??### ### | | ???????????? ??????# #??????????????# # | | ??????????? ????### ###????????????# % # | | ??????????? ?????# #????????????# * / | | ??????????######??????# #????????????# # | | ??????????????????????# +????????????# # | | ????????########??????# #????????????# #? | | ????????# #??????# #????????????# #? | | ????????# """ ##########/###????????????# #?? | | ????????# """ + # #?????????????# #?? | | ????????# """ # # "" #?????????????# #?? | | ????????# # # ""S #?????????????# #?? | | ????????# # + "" #?????????????# #?? | | ????????######## # !#?????????????# #?? | | ???????????????# # #?????????????# #?? | | ???????????????# ###################### #?? | +----------------------------------------------------+ Best States ------------- Heat Dissipation 34 Energy Generation 19 Energy Capacity 290 Matter Stores 300 Matter Capacity 300 Sight Range 16 Robot Scan Range 30 Terrain Scan Density 10 Additional Mass Support 6 Evasion (%) 63 Item Schematics ----------------- None Robot Schematics ------------------ None Fabricated ------------ Nothing Alien Tech Used ----------------- None Achievements -------------- None Challenges ------------ None Game ------ Seed PropulsionPortableScythe Manual? 0 Play Time 00:26:10 Cumulative 9.6 hours Start 2021.10.28 @ 17:47:44 End 2021.10.28 @ 18:11:30 Sessions 1 Manual Loads 0 Difficulty Rogue Special Mode None Game No. 21 Rogue 21 Adventurer 0 Explorer 0 Win Type - Total 0 Types 0/0/0/0/0/0/0/0/0 Lore% 15 Gallery% 16 Achievement% 7 Wizard Run 0 Options --------- ASCII 0 Keyboard 0 Movement Numpad Keybinds 0 Fullscreen 1 Font 24/Smallcaps Map View 76x50 Tactical HUD 1 Map Filters NONE Filters NONE Steam 1 RUN: ff4e0d42-43d9-4367-a65d-9fd3696e2e9b